 Dungeon Crawl Stone Soup version 0.24-a0-412-ge138f7edaf (webtiles) character file.

Game seed: 1743537970041687734

3458 Ijustatesigmund the Basher (level 10, -1/65 HPs)
             Began as an Octopode Fighter on June 6, 2019.
             Was an Elder of Cheibriados.
             Slain by Kuinu's ghost (14 damage)
             ... on level 7 of the Dungeon.
             The game lasted 00:16:24 (5613 turns).

Ijustatesigmund the Basher (Octopode Fighter)       Turns: 5613, Time: 00:16:24

Health: -1/65      AC:  2    Str: 30    XL:     10   Next: 6%
Magic:  20/25      EV: 13    Int: 22    God:    Cheibriados [****..]
Gold:   256        SH: 11    Dex: 24    Spells: 9/9 levels left

rFire    . . .     SeeInvis +   a - +0 morningstar
rCold    . . .     Gourm    .   b - +0 shield
rNeg     + . .     Faith    .   i - +1 hat
rPois    +         Spirit   .   (no amulet)
rElec    .         Reflect  .   h - ring of magical power
rCorr    +         Harm     .   f - ring of positive energy
MR       .....                  o - ring of see invisible
Stlth    +++.......             s - ring of resist corrosion
HPRegen  0.60/turn              (no ring)
MPRegen  0.19/turn              (no ring)
                                (no ring)
                                (no ring)

@: mighty, very slightly contaminated, very slow
A: almost no armour, stealthy swim, amphibious, 8 rings, constrict 8, tentacle
spike 1, camouflage 1, frail 1, poison resistance, regeneration 1, gelatinous
body 1
a: Bend Time, Temporal Distortion, Slouch, Renounce Religion


You were on level 7 of the Dungeon.
You worshipped Cheibriados.
Cheibriados was greatly pleased with you.
You were not hungry.

You visited 1 branch of the dungeon, and saw 7 of its levels.
You also visited: Ossuary.

You collected 399 gold pieces.
You spent 143 gold pieces at shops.

Inventory:

Hand Weapons
 a - a +0 morningstar (weapon)
Armour
 b - a +0 shield (worn)
 i - a +1 hat (worn)
Jewellery
 f - a ring of positive energy (right tentacle)
 h - a ring of magical power (left tentacle)
 o - a ring of see invisible (on tentacle)
 s - a ring of resist corrosion (on tentacle)
Wands
 j - a wand of paralysis (4)
Scrolls
 g - 2 scrolls of remove curse
 l - a scroll of identify
 q - 4 scrolls of fog
Potions
 e - 3 potions of flight
 k - 2 potions of curing
 m - a potion of brilliance
 n - 2 potions of resistance
 p - a potion of magic {unknown}
 r - 3 potions of agility {unknown}
 v - a potion of invisibility {unknown}
Comestibles
 d - 14 rations


   Skills:
 + Level 8.5 Fighting
 + Level 8.5 Maces & Flails
 + Level 3.5 Dodging
 + Level 3.5 Shields
 + Level 8.2 Invocations


You had 9 spell levels left.
You didn't know any spells.
Your spell library was empty.

Dungeon Overview and Level Annotations

Branches:
Dungeon (7/15)             Temple (0/1) D:6

Altars:
Ashenzari
Cheibriados
Dithmenos
Elyvilon
Makhleb
Nemelex Xobeh
Okawaru
Sif Muna
Trog
Zin

Shops:
D:4 [   D:5 !

Annotations:
D:7 Kuinu's ghost, novice MiBe; Wiebster667's ghost, novice HuCj


Innate Abilities, Weirdness & Mutations

You cannot wear most types of armour.
You are very stealthy in the water. (Stealth+)
You are amphibious.
You can wear up to eight rings at the same time.
You can use your tentacles to constrict eight enemies at once.
Your skin changes colour to match your surroundings (Stealth+).
Your rubbery body absorbs attacks. (AC +1, EV +1)
One of your tentacles bears a spike.
You are frail. (-10% HP)
Your system is resistant to poisons. (rPois)
Your natural rate of healing is unusually fast.


Message History

* * * LOW HITPOINT WARNING * * *
Kuinu's ghost burns you.
* * * LOW HITPOINT WARNING * * *
You feel much better.
Wiebster667's ghost is lost in a daze.
Kuinu's ghost is lost in a daze.
You can feel time thicken for a moment.
You feel somewhat more hungry.
Kuinu's ghost is lost in a daze.
You hit Kuinu's ghost.
Your tentacle spike misses Kuinu's ghost.
Kuinu's ghost is almost destroyed.
You block Wiebster667's ghost's attack. Kuinu's ghost hits you!
* * * LOW HITPOINT WARNING * * *
Kuinu's ghost burns you.
* * * LOW HITPOINT WARNING * * *
You feel better.
Wiebster667's ghost points at you and mumbles some strange words.
The magic dart hits you!
* * * LOW HITPOINT WARNING * * *
Kuinu's ghost hits you!
You die...

###.....................#####..(.
#....>.[..............# #....
######................# #....
#................# #####
#######..........# #..........#
#..........# ##$.⌠.$##.........#
##8.....8##@.......#
#[........#WW......#
#P........#........#
#⌠.......⌠#.########
#P........#.# ###'''####.#
#..........# ####.....### #######


You could see Kuinu's ghost (dazed) and Wiebster667's ghost (dazed).

Vanquished Creatures
  A hippogriff (D:7)
  Sigmund (D:6)
  Edmund (D:5)
  A water moccasin (D:6)
  2 sky beasts
  3 orc warriors
  An ogre (D:6)
  2 phantoms
  A centaur (D:6)
  3 elf zombies (Ossuary)
  4 bullfrogs
  2 scorpions
  5 wights (D:5)
  A crimson imp (D:7)
  3 centaur skeletons
  2 orc priests
  2 hounds
  A jelly (D:6)
  An iguana (D:4)
  8 worker ants
  3 orc wizards
  2 big kobold zombies (Ossuary)
  A hound zombie (Ossuary)
  2 hound skeletons
  4 mummies (Ossuary)
  11 gnolls
  A howler monkey zombie (D:6)
  9 adders
  2 shadow imps (D:7)
  An ooze (D:3)
  2 adder zombies
  5 worms
  A dart slug (D:1)
  4 leopard geckos
  22 orcs
  7 bats
  8 giant cockroaches
  8 goblins
  8 hobgoblins
  11 jackals
  12 kobolds
  4 quokkas
  3 ball pythons
  7 frilled lizards
  A jackal skeleton (D:6)
  A jackal zombie (Ossuary)
  2 kobold zombies (Ossuary)
  A leopard gecko zombie (D:5)
  An orc zombie (Ossuary)
  4 rats
  A rat zombie (Ossuary)
194 creatures vanquished.

Vanquished Creatures (others)
  4 withered plants (D:7)
4 creatures vanquished.

Grand Total: 198 creatures vanquished

Notes
Turn   | Place    | Note
-------+----------+-------------------------------------------
     0 | D:1      | Ijustatesigmund the Octopode Fighter began the quest for
                  | the Orb.
     0 | D:1      | Reached XP level 1. HP: 16/16 MP: 1/1
   216 | D:1      | Reached XP level 2. HP: 21/21 MP: 2/2
   641 | D:1      | Reached XP level 3. HP: 26/26 MP: 3/3
  1027 | D:2      | Gained mutation: You are clumsy. (Dex -2) [potion of
                  | mutation]
  1027 | D:2      | Gained mutation: One of your tentacles bears a spike.
                  | [potion of mutation]
  1027 | D:2      | Gained mutation: Your body sometimes deteriorates upon
                  | taking damage. [potion of mutation]
  1027 | D:2      | Gained mutation: You are resistant to hostile enchantments.
                  | (MR+) [potion of mutation]
  1274 | D:2      | Reached XP level 4. HP: 33/33 MP: 4/4
  1604 | D:2      | Found a deep blue altar of Sif Muna.
  1604 | D:2      | Found a burning altar of Makhleb.
  1606 | D:2      | Found a glowing silver altar of Zin.
  1608 | D:2      | Found a bloodstained altar of Trog.
  1617 | D:2      | Found an iron altar of Okawaru.
  1624 | D:2      | Found a snail-covered altar of Cheibriados.
  1625 | D:2      | Found a sparkling altar of Nemelex Xobeh.
  1634 | D:2      | Became a worshipper of Cheibriados the Contemplative
  2219 | D:3      | Reached skill level 1 in Invocations
  2219 | D:3      | Reached XP level 5. HP: 29/37 MP: 5/5
  2256 | D:3      | Reached * piety under Cheibriados
  2449 | D:3      | Found a faded altar of an unknown god.
  2762 | D:3      | Lost mutation: You are resistant to hostile enchantments.
                  | (MR+) [potion of mutation]
  2762 | D:3      | Lost mutation: You are clumsy. (Dex -2) [potion of
                  | mutation]
  2762 | D:3      | Lost mutation: Your body sometimes deteriorates upon taking
                  | damage. [potion of mutation]
  2762 | D:3      | Gained mutation: You are frail. (-10% HP) [potion of
                  | mutation]
  2762 | D:3      | Gained mutation: Your system is resistant to poisons.
                  | (rPois) [potion of mutation]
  2762 | D:3      | Gained mutation: Your natural rate of healing is unusually
                  | fast. [potion of mutation]
  2816 | D:4      | Noticed a phantom
  2823 | D:4      | Killed a phantom
  2823 | D:4      | Reached XP level 6. HP: 20/39 MP: 7/7
  2962 | D:4      | Reached ** piety under Cheibriados
  3243 | D:4      | Found a shadowy altar of Dithmenos.
  3243 | D:4      | Found a shattered altar of Ashenzari.
  3244 | D:4      | Found a white marble altar of Elyvilon.
  3320 | D:4      | Found Faruphui's Armour Shop.
  3413 | D:5      | Entered Level 5 of the Dungeon
  3439 | D:5      | Reached skill level 5 in Maces & Flails
  3462 | D:5      | Reached skill level 5 in Fighting
  3462 | D:5      | Reached XP level 7. HP: 45/45 MP: 9/9
  3736 | D:5      | Found Idya's Distillery.
  3739 | D:5      | Bought a potion of heal wounds for 65 gold pieces
  3739 | D:5      | Bought 2 potions of curing for 78 gold pieces
  3883 | D:5      | Reached *** piety under Cheibriados
  3890 | D:5      | Reached XP level 8. HP: 46/51 MP: 11/11
  3897 | D:5      | Noticed Edmund
  3903 | D:5      | Killed Edmund
  3903 | D:5      | Reached skill level 5 in Invocations
  4256 | D:6      | Found an iron altar of Okawaru.
  4269 | D:6      | Reached XP level 9. HP: 55/57 MP: 13/13
  4330 | D:6      | Reached **** piety under Cheibriados
  4337 | D:6      | Found a staircase to the Ecumenical Temple.
  4388 | D:6      | Found a sand-covered staircase.
  4393 | Ossuary  | Entered an ossuary
  4673 | D:6      | Noticed Sigmund
  4699 | D:6      | Killed Sigmund
  5300 | D:7      | Found a runed translucent gate.
  5300 | D:7      | Found a runed translucent gate.
  5300 | D:7      | Found a runed translucent gate.
  5300 | D:7      | Noticed Kuinu's ghost (novice MiBe)
  5301 | D:7      | Noticed Wiebster667's ghost (novice HuCj)
  5360 | D:7      | Reached XP level 10. HP: 55/65 MP: 16/16
  5602 | D:7      | HP: 2/65 [Wiebster667's ghost (7)]
  5613 | D:7      | Slain by Kuinu's ghost

Levels and vault maps discovered:
D:1:      dpeg_arrival_three_smaller_balls, layout_basic, nrook_campfire
D:2:      layout_basic, grunt_temple_overflow_open
D:3:      layout_loops_corners, chequers_ecumenical_altar_grove,
          portal_sewer_entry_d
D:4:      layout_basic, chequers_temple_overflow_statue_of_worship,
          serial_shops, kennysheep_mini_moat
D:5:      layout_gridville, serial_shops, nicolae_shop_window_shopping,
          first_ration, uniq_edmund
D:6:      layout_cave_pools, minmay_temple_entry_mist, enter_ossuary_2,
          okawaru_altar_gauntlet_db, uniq_sigmund
D:7:      layout_basic, gammafunk_ghost_cemetery

Skill      XL: |  1  2  3  4  5  6  7  8  9 |
---------------+----------------------------+-----
Maces & Flails | 3 4 5 7 8 |  8.5
Fighting       | 4 5 7 8 |  8.5
Invocations    | 1 2 3 4 6 8 |  8.2
Dodging        | |  3.5
Shields        | |  3.5

Action                   |  1- 3 |  4- 6 |  7- 9 | 10-12 || total
-------------------------+-------+-------+-------+-------++-------
Melee: Flail             |    45 |    46 |       |       ||    91
       Constrict         |    17 |    29 |    52 |     2 ||   100
       Tentacles         |     8 |    22 |    45 |     5 ||    80
       Kick              |     2 |    31 |    93 |     5 ||   131
       Morningstar       |       |    68 |   176 |    13 ||   257
       Unarmed           |       |       |     3 |       ||     3
Invok: Slouch            |       |       |     1 |     1 ||     2
Evoke: Wand              |       |       |     4 |       ||     4
  Use: Scroll            |     5 |     3 |    11 |     2 ||    21
       Potion            |     1 |     1 |     9 |     6 ||    17
 Stab: Sleeping          |     4 |     8 |     9 |     1 ||    22
  Eat: Chunk             |     1 |     5 |     2 |       ||     8
       Ration            |       |       |     1 |       ||     1
Armor: Skin              |     3 |    11 |    22 |       ||    36
Dodge: Dodged            |    26 |    49 |   112 |     1 ||   188
Block: Shield            |    20 |    44 |   104 |     7 ||   175

Table legend:
 A = Non-vault XP
 B = Vault XP
 C = Vault XP percentage of total XP
 D = Non-vault monster count
 E = Vault monster count
 F = Vault count percentage of total count
                 A         B        C        D         E       F
            +---------+---------+-------+---------+---------+-------
      Total |    4067 |     874 |  17.7 |     169 |      25 |  12.9
            +---------+---------+-------+---------+---------+-------
        D:1 |      36 |       0 |   0.0 |      18 |       0 |   0.0
        D:2 |      77 |       0 |   0.0 |      22 |       0 |   0.0
        D:3 |     111 |      13 |  10.5 |      28 |       1 |   3.4
        D:4 |     348 |       0 |   0.0 |      18 |       0 |   0.0
        D:5 |     875 |     164 |  15.8 |      30 |       1 |   3.2
        D:6 |    1456 |     243 |  14.3 |      30 |       7 |  18.9
        D:7 |    1164 |       0 |   0.0 |      23 |       0 |   0.0
    Ossuary |       0 |     454 | 100.0 |       0 |      16 | 100.0
            +---------+---------+-------+---------+---------+-------
